 Dungeon Crawl Stone Soup version 0.29-a0-529-gfa20dd96a1 (webtiles) character file.

Game seed: 8182936575613955641

67 dolemite99 the Ruffian (level 4, 0/39 HPs)
             Began as a Troll Ice Elementalist on June 2, 2022.
             Succumbed to a goblin's poison
             ... on level 2 of the Dungeon.
             The game lasted 00:01:58 (1275 turns).

dolemite99 the Ruffian (Troll Ice Elementalist)     Turns: 1275, Time: 00:01:59

Health: 0/39       AC:  4    Str: 18    XL:     4   Next: 0%
Magic:  4/4        EV:  9    Int: 11    God:
Gold:   181        SH:  0    Dex: 10    Spells: 4/5 levels left

rFire   + . .      SeeInvis .     - Unarmed
rCold   + . .      Faith    .   (no shield)
rNeg    . . .      Spirit   .   a - +0 robe
rPois   +          Reflect  .   (helmet restricted)
rElec   +          Harm     .   h - scarf {repulsion}
rCorr   +          Rampage  .   (gloves unavailable)
Will    .....                   (boots unavailable)
Stlth   +.........              (no amulet)
HPRegen 0.93/turn               (no ring)
MPRegen 0.09/turn               (no ring)

@: lethally poisoned (0 -> -12), resistant, repel missiles
A: large, unfitting armour, claws 3, regeneration 1, shaggy fur 1, tough skin 1
a: no special abilities


You were on level 2 of the Dungeon.
You visited 1 branch of the dungeon, and saw 2 of its levels.

You collected 181 gold pieces.

Inventory:

Missiles
 c - 38 stones
Armour
 a - a +0 robe (worn)
 h - a scarf of repulsion (worn)
Jewellery
 i - a ring of flight
Scrolls
 f - a scroll of blinking
 k - a scroll of fog {unknown}
Potions
 b - a potion of magic
 g - a potion of invisibility {unknown}
 j - a potion of attraction
 l - a potion of might {unknown}
 m - a potion of lignification {unknown}


   Skills:
 - Level 1.5 Dodging
 - Level 1.0 Stealth
 + Level 3.6 Unarmed Combat
 - Level 1.2 Spellcasting
 - Level 2.9 Ice Magic


You had 4 spell levels left.
You knew the following spells:

 Your Spells              Type           Power      Damage    Failure   Level
a - Freeze                Ice            28%        1d5       10%         1

Your spell library contained the following spells:

 Spells                   Type           Power      Damage    Failure   Level
 Frozen Ramparts          Ice            14%        1d3       28%         3
 Ozocubu's Armour         Ice            7%         N/A       28%         3
 Dazzling Flash           Conj/Hex       0%         N/A       67%         3
 Tukima's Dance           Hex            0%         N/A       67%         3
 Hailstorm                Conj/Ice       3%         3d3       86%         4
 Passage of Golubria      Tloc           0%         N/A       97%         4
 Summon Lightning Spire   Summ/Air       0%         N/A       97%         4
 Agony                    Necr           0%         N/A       100%        5
 Silence                  Hex/Air        0%         N/A       100%        5
 Yara's Violent Unravell  Hex/Tmut       0%         3d3       100%        5
 Storm Form               Tmut/Air       0%         N/A       100%        7
 Maxwell's Capacitive Co  Air            0%         ∞         100%        8


Dungeon Overview and Level Annotations

Branches:
Dungeon (2/15)

Altars:
Qazlal

Shops:
D:1 ?

Annotations:
D:2 Robin


Innate Abilities, Weirdness & Mutations

You are too large for most types of armour.
You have claws for hands.
Your natural rate of healing is unusually fast.
You are covered in fur. (AC +1)
You have tough skin. (AC +1)


Message History

The goblin hits you with a +1 dagger of venom.
You are more poisoned.
The goblin hits you with a +0 dagger. Robin throws the goblin at you!
You have reached level 4!
The goblin attacks as you move away! The goblin closely misses you.
You feel very sick.
Robin unwields a +0 hunting sling.
Robin wields a +0 spear.
Robin closely misses you.
Items here: )) †††.
You scratch Robin but do no damage.
You feel sick.
The hobgoblin hits you but does no damage.
The goblin closely misses you. Robin hits you but does no damage.
You feel better. The goblin hits you but does no damage.
The hobgoblin hits you. Robin hits you but does no damage.
You scratch Robin.
Robin is lightly wounded.
The goblin hits you with a +1 dagger of venom.
You are poisoned.
The hobgoblin hits you but does no damage.
Robin hits you but does no damage.
You barely miss Robin.
Robin is lightly wounded.
You feel very sick. The hobgoblin closely misses you.
The goblin hits you with a +1 dagger of venom.
* * * LOW HITPOINT WARNING * * *
You are lethally poisoned!
Robin closely misses you.
You scratch Robin but do no damage.
Robin is lightly wounded.
* * * LOW HITPOINT WARNING * * *
You feel very sick. The hobgoblin barely misses you.
The goblin hits you with a +1 dagger of venom.
* * * LOW HITPOINT WARNING * * *
Robin roars a battlecry!
The goblins go into a battle-frenzy!
It was a potion of resistance.
You feel protected.
You die...

#..#....#.# #
#..#....#.###.
#.#####..#..........
#...................
#>....g.g.........
.......g#g.g#..##
.....ggg#....g.#
....g..g#.###gg#
......gg#..g@gg#
......gg######.#
........# #.#
........# ##'###+###
........#
###.........
#...........
#...........
.########...########
............#####
########


You could see Robin, a hobgoblin (strong) and 4 goblins.

Vanquished Creatures
  An adder (D:2)
  A dart slug (D:1)
  5 giant cockroaches
  12 goblins
  4 hobgoblins
  2 jackals (D:1)
  4 kobolds
  4 quokkas
  3 ball pythons (D:1)
  4 bats
  6 frilled lizards
  2 rats (D:1)
48 creatures vanquished.

Vanquished Creatures (others)
  3 fungi (D:2)
  3 toadstools (D:2)
6 creatures vanquished.

Grand Total: 54 creatures vanquished

Notes
Turn   | Place    | Note
-------+----------+-------------------------------------------
     0 | D:1      | dolemite99 the Troll Ice Elementalist began the quest for
                  | the Orb.
     0 | D:1      | Reached XP level 1. HP: 16/16 MP: 1/1
    96 | D:1      | Reached skill level 1 in Unarmed Combat
   123 | D:1      | Reached XP level 2. HP: 22/24 MP: 2/2
   166 | D:1      | Found Pikuun's Magic Scroll Shop.
   170 | D:1      | Found a faded altar of an unknown god.
   189 | D:1      | Reached skill level 2 in Unarmed Combat
   389 | D:1      | Reached XP level 3. HP: 30/30 MP: 3/3
   678 | D:1      | Reached skill level 3 in Unarmed Combat
  1046 | D:2      | Found a stormy altar of Qazlal.
  1244 | D:2      | Noticed Robin
  1269 | D:2      | Reached XP level 4. HP: 15/39 MP: 4/4
  1275 | D:2      | Succumbed to a goblin's poison

Illustrated notes

Levels and vault maps discovered:
D:1:      mrwooster_arrival_statue_3, layout_basic,
          hellmonk_ecumenical_altar_arch_garden, serial_shops, shop
D:2:      layout_basic, basic_altar, minmay_gold_behind_fungi, uniq_robin

Skill      XL: |  1  2  3 |
---------------+----------+-----
Unarmed Combat | 1 2 3 |  3.6
Dodging        | |  1.5
Stealth        | |  1.0
Spellcasting   | |  1.2
Ice Magic      | |  2.9

Action                   |  1- 3 |  4- 6 || total
-------------------------+-------+-------++-------
Melee: Unarmed           |   131 |     4 ||   135
       Punch             |     2 |       ||     2
  Use: Scroll            |     3 |       ||     3
       Potion            |       |     2 ||     2
 Stab: Sleeping          |     2 |       ||     2
Armor: Robe              |    59 |     6 ||    65
Dodge: Dodged            |    78 |     6 ||    84

Table legend: (Time is in decaauts)
 A = Elapsed time spent in this place.
 B = Non-inter-level travel time spent in this place.
 C = Inter-level travel time spent in this place.
 D = Time resting spent in this place.
 E = Time spent auto-exploring this place.
 F = Levels seen in this place.
 G = Mean time per level.
                   A        B        C        D        E       F      G
               +--------+--------+--------+--------+--------+-----+--------+
         Total |   1268 |   1227 |     41 |      0 |    795 |   2 |  634.0 |
       Dungeon |   1268 |   1227 |     41 |      0 |    795 |   2 |  634.0 |
               +--------+--------+--------+--------+--------+-----+--------+

Top non-repeatable levels by time:
     D:1: 819 daAuts
     D:2: 448 daAuts
